 Dungeon Sprint DCSS version 0.26-a0-1147-g3780a7a11b (webtiles) character file.

Game seed: 1573809077007200077

169739 rocky1 the Ruinous (level 17, -5/113 HPs)
             Began as a Gargoyle Earth Elementalist on Dec 23, 2020.
             Was a High Priest of Sif Muna.
             Killed from afar by a lich (52 damage)
             ... with an iron shot
             ... in the Dungeon (Sprint VII: "The Pits").
             The game lasted 01:25:17 (7906 turns).

rocky1 the Ruinous (Gargoyle Earth Elementalist)    Turns: 7906, Time: 01:25:17

Health: -5/113     AC: 28    Str: 13    XL:     17   Next: 68%
Magic:  29/39      EV: 21    Int: 22    God:    Sif Muna [*****.]
Gold:   84         SH: 13    Dex: 10    Spells: 17/53 levels left

rFire    + + .     SeeInvis +   T - +9 demon whip (freeze)
rCold    + + +     Faith    .   i - +0 kite shield
rNeg     + + .     Spirit   .   L - +2 robe {rF+}
rPois    ∞         Reflect  .   o - +2 helmet
rElec    +         Harm     .   u - +2 cloak
rCorr    .         Rampage  .   C - +0 pair of gloves "Dargh" {rPois Will+ Regen+ Stlth+}
Will     ++...     NoTele   +   n - +1 pair of boots
Stlth    +++.......             m - amulet of regeneration
HPRegen  1.08/turn              N - ring of Divine Compulsion {rC+++ rN+ EV+4 SInv Stlth-}
MPRegen  0.26/turn              J - ring of Visycvoc {rF+ Stlth+}

@: studying Maces & Flails
A: big wings, negative energy resistance 1, electricity resistance, unbreathing,
petrification resistance, miasma immunity, AC +12
}: 1/3 runes: silver
a: Fly, Renounce Religion, Channel Magic, Forget Spell, Divine Exegesis


You were in the Dungeon.
You worshipped Sif Muna.
Sif Muna was extremely pleased with you.
You visited 1 branch You collected 84 gold pieces.

Inventory:

Hand Weapons
 Q - a +7 eudemon blade of holy wrath
 T - a +9 demon whip of freezing (weapon)
Missiles
 B - 20 stones (quivered)
Armour
 i - a +0 kite shield (worn)
 l - a +0 tower shield of protection
 n - a +1 pair of boots (worn)
 o - a +2 helmet (worn)
 u - a +2 cloak (worn)
 C - the +0 pair of gloves "Dargh" (worn) {rPois Will+ Regen+ Stlth+}
   (You found it in the Dungeon)

   It protects you from poison.
   It affects your willpower, your defense against some magical effects.
   It increases your rate of regeneration.
   It makes you more stealthy.
 L - a +2 robe of fire resistance (worn)
Jewellery
 m - an amulet of regeneration (around neck)
 J - the ring of Visycvoc (right hand) {rF+ Stlth+}
   (You found it in the Dungeon)

   [ring of stealth]

   It protects you from fire.
   It makes you more stealthy.
 N - the ring of Divine Compulsion (left hand) {rC+++ rN+ EV+4 SInv Stlth-}
   (You found it in the Dungeon)

   [ring of evasion]

   It affects your evasion (+4).
   It renders you almost immune to cold.
   It protects you from negative energy.
   It lets you see invisible.
   It makes you less stealthy.
Wands
 c - a wand of random effects (14)
Scrolls
 j - 10 scrolls of remove curse
 k - a scroll of amnesia
 v - 2 scrolls of fog
 y - a scroll of blinking
 A - 4 scrolls of enchant armour
 D - 4 scrolls of identify
 K - a scroll of fear
Potions
 a - 2 potions of invisibility
 d - 7 potions of curing
 e - 3 potions of heal wounds
 f - 6 potions of haste
 g - a potion of magic
 h - 5 potions of berserk rage
 p - 10 potions of brilliance
 w - 5 potions of might
 z - 4 potions of resistance
 E - 3 potions of flight
 H - 3 potions of cancellation
Books
 P - a manual of Maces & Flails
Miscellaneous
 s - a phial of floods
 F - a phantom mirror
 M - a condenser vane
 O - a phantom mirror


   Skills:
 - Level 15.6 Fighting
 + Level 8.5 Long Blades
 - Level 16.0 Maces & Flails
 - Level 10.5 Armour
 - Level 11.0 Dodging
 - Level 2.1 Stealth
 + Level 15.3 Shields
 + Level 18.8 Spellcasting
 + Level 23.7 Conjurations
 - Level 0.7 Transmutations
 + Level 21.5 Fire Magic
 - Level 5.4 Ice Magic
 - Level 22.7 Earth Magic
 - Level 11.8 Invocations
 - Level 11.0 Evocations


You had 17 spell levels left.
You knew the following spells:

 Your Spells              Type           Power        Failure   Level
a - Blink                 Tloc           N/A          3%          2
b - Frozen Ramparts       Ice            88%          1%          3
c - Lee's Rapid Deconstr  Erth           44%          0%          5
f - Lehudib's Crystal Sp  Conj/Erth      44%          1%          8
g - Iron Shot             Conj/Erth      44%          1%          6
h - Ozocubu's Armour      Ice            44%          1%          3
i - Fire Storm            Conj/Fire      44%          24%         9

Your spell library contained the following spells:

 Spells                   Type           Power        Failure   Level
 Foxfire                  Conj/Fire      100%         0%          1
 Magic Dart               Conj           100%         0%          1
 Sandblast                Erth           100%         0%          1
 Searing Ray              Conj           100%         0%          2
 Conjure Flame            Conj/Fire      88%          0%          3
 Stone Arrow              Conj/Erth      100%         0%          3
 Sticky Flame             Conj/Fire      88%          0%          4
 Bolt of Magma            Conj/Fire/Erth 44%          0%          5
 Fireball                 Conj/Fire      44%          0%          5
 Iskenderun's Battlesphe  Conj           90%          0%          5
 Beastly Appendage        Tmut           46%          1%          1
 Freeze                   Ice            100%         1%          1
 Shock                    Conj/Air       100%         1%          1
 Ensorcelled Hibernation  Hex/Ice        64%          1%          2
 Passwall                 Tmut/Erth      53%          1%          2
 Dazzling Flash           Conj/Hex       100%         1%          3
 Ignite Poison            Fire/Tmut/Pois 52%          1%          3
 Inner Flame              Hex/Fire       61%          1%          3
 Mephitic Cloud           Conj/Pois/Air  53%          1%          3
 Static Discharge         Conj/Air       64%          1%          3
 Fulminant Prism          Conj/Hex       32%          1%          4
 Hailstorm                Conj/Ice       71%          1%          4
 Iskenderun's Mystic Bla  Conj/Tloc      64%          1%          4
 Leda's Liquefaction      Hex/Erth       31%          1%          4
 Petrify                  Tmut/Erth      64%          1%          4
 Borgnjor's Vile Clutch   Necr/Erth      31%          1%          5
 Irradiate                Conj/Tmut      32%          1%          5
 Lightning Bolt           Conj/Air       32%          1%          5
 Starburst                Conj/Fire      44%          1%          6
 Orb of Destruction       Conj           45%          1%          7
 Animate Skeleton         Necr           40%          2%          1
 Apportation              Tloc           40%          2%          1
 Corona                   Hex            22%          2%          1
 Pain                     Necr           80%          2%          1
 Sting                    Tmut/Pois      88%          2%          1
 Summon Small Mammal      Summ           80%          2%          1
 Wereblood                Tmut           23%          2%          2
 Ignition                 Fire           43%          2%          8
 Call Imp                 Summ           20%          3%          2
 Corpse Rot               Necr/Air       N/A          3%          2
 Poisonous Vapours        Pois/Air       40%          3%          2
 Slow                     Hex            20%          3%          2
 Swiftness                Air            20%          3%          2
 Conjure Ball Lightning   Conj/Air       32%          3%          6
 Spider Form              Tmut/Pois      11%          6%          3
 Ice Form                 Ice/Tmut       34%          7%          4
 Freezing Cloud           Conj/Ice/Air   29%          7%          6
 Call Canine Familiar     Summ           20%          8%          3
 Confusing Touch          Hex            20%          8%          3
 Gell's Gravitas          Tloc           10%          8%          3
 Lesser Beckoning         Tloc           10%          8%          3
 Portal Projectile        Hex/Tloc       40%          8%          3
 Summon Guardian Golem    Hex/Summ       20%          8%          3
 Teleport Other           Tloc           20%          8%          3
 Tukima's Dance           Hex            20%          8%          3
 Vampiric Draining        Necr           10%          8%          3
 Summon Ice Beast         Ice/Summ       32%          8%          4
 Spellforged Servitor     Conj/Summ      32%          16%         7
 Metabolic Englaciation   Hex/Ice        16%          22%         5
 Shatter                  Erth           44%          22%         9
 Airstrike                Air            10%          24%         4
 Animate Dead             Necr           10%          24%         4
 Cause Fear               Hex            10%          24%         4
 Dispel Undead            Necr           20%          24%         4
 Olgreb's Toxic Radiance  Pois           20%          24%         4
 Passage of Golubria      Tloc           N/A          24%         4
 Summon Lightning Spire   Summ/Air       20%          24%         4
 Ozocubu's Refrigeration  Ice            22%          38%         6
 Blade Hands              Tmut           11%          45%         5
 Alistair's Intoxication  Tmut/Pois      14%          52%         5
 Yara's Violent Unravell  Hex/Tmut       11%          52%         5
 Agony                    Necr           20%          56%         5
 Excruciating Wounds      Necr           10%          56%         5
 Silence                  Hex/Air        10%          56%         5
 Summon Demon             Summ           10%          56%         5
 Summon Forest            Summ/Tloc      10%          56%         5
 Summon Mana Viper        Hex/Summ       20%          56%         5
 Simulacrum               Ice/Necr       16%          77%         6
 Chain Lightning          Conj/Air       32%          77%         8
 Hydra Form               Tmut           11%          95%         6
 Eringya's Noxious Bog    Tmut/Pois      11%          97%         6
 Death Channel            Necr           10%          98%         6
 Dispersal                Tloc           10%          98%         6
 Invisibility             Hex            20%          98%         6
 Shadow Creatures         Summ           N/A          98%         6
 Dragon Form              Tmut           11%          100%        7
 Haunt                    Necr/Summ      10%          100%        7
 Malign Gateway           Summ/Tloc      10%          100%        7
 Monstrous Menagerie      Summ           10%          100%        7
 Summon Greater Demon     Summ           10%          100%        7
 Summon Hydra             Summ           10%          100%        7
 Borgnjor's Revivificati  Necr           10%          100%        8
 Discord                  Hex            10%          100%        8
 Disjunction              Tloc           10%          100%        8
 Infestation              Necr           10%          100%        8
 Necromutation            Tmut/Necr      11%          100%        8
 Summon Horrible Things   Summ           10%          100%        8
 Absolute Zero            Ice            22%          100%        9
 Death's Door             Necr           10%          100%        9
 Dragon's Call            Summ           10%          100%        9
 Tornado                  Air            10%          100%        9
 Sublimation of Blood     Necr           Unusable     N/A         2
 Statue Form              Tmut/Erth      Unusable     N/A         6

Dungeon Overview and Level Annotations

Branches:
Dungeon (1/1)

Altars:
Ashenzari
Cheibriados
Dithmenos
Elyvilon
Fedhas
Gozag
Hepliaklqana
Kikubaaqudgha
Makhleb
Nemelex Xobeh
Okawaru
Qazlal
Ru
Sif Muna
Trog
Uskayaw
Vehumet
Wu Jian
Xom
Yredelemnul
Zin
The Shining One
Beogh
Jiyva
Lugonu


Innate Abilities, Weirdness & Mutations

You are resistant to torment.
Your stone body is resilient. (AC +12)
You are immune to poison.
Your large and strong wings let you fly indefinitely.
You resist negative energy. (rN+)
You are resistant to electric shocks. (rElec)
You can survive without breathing.
You are immune to petrification.
You are immune to miasma.


Message History

You don't know that spell.
Casting: Lee's Rapid Deconstruction (safe; 0% risk of failure)
Confirm with . or Enter, or press ? or * to list all spells.
Aiming: Lee's Rapid Deconstruction (safe; 0% risk of failure)
Press: ? - help, Dir - move target A metal wall.
The metal wall shatters!
The blast of metal fragments hits the tormentor!!!
You kill the tormentor!
Sif Muna accepts your kill.
The blast of metal fragments hits the lich!!
The lich is almost destroyed.
The shadow dragon misses you.
The shadow dragon claws you but does no damage.
The shadow dragon claws you.
The shadow dragon bites you but does no damage.
You block the shadow dragon's attack. x2
The lich gestures at you while chanting.
The iron shot hits you!!!
You die...

***** *** ***
*******,**
####################*+*
.##.....##.........#*,*
'#.......##........#*+*
#.........##.)))...#*,*
...........##)##'###*+*
.....#.............#*,*
....#.#...)..).....#*+*
.....#..........@..#*,*
.......(...#####DL##*+*
#.........##,,,#y..#*,*
##.......##,,,,+...#*+*
.##.....##,,,,,#...#*,*
#########******#####*+*
#####################+#
))..(.................#
))))).................#


You could see a shadow dragon (berserk), a lich and a moth of wrath.

Vanquished Creatures
  An ancient lich (D)
  3 bone dragons (D)
  A hellephant (D)
  2 liches (D)
  A tentacled monstrosity (D)
  2 deep elf master archers (D)
  2 deep elf blademasters (D)
  A Hell Sentinel (D)
  3 titans (D)
  An Executioner (D)
  A sphinx (D)
  An azure jelly (D)
  A shadow dragon (D)
  4 daevas (D)
  2 nagarajas (D)
  A fire giant (D)
  A draconian monk (D)
  A deep elf sorcerer (D)
  A ghost moth (D)
  An iron dragon (D)
  3 balrugs (D)
  A cacodemon (D)
  4 orc warlords (D)
  A ghoul (D)
  A war gargoyle (D)
  3 spriggan defenders (D)
  3 vampire knights (D)
  3 deep elf annihilators (D)
  A dire elephant (D)
  A black draconian (D)
  A yellow draconian (D)
  A red draconian (D)
  A white draconian (D)
  A merfolk javelineer (D)
  A minotaur (D)
  An eidolon (D)
  6 green deaths (D)
  A mummy priest (D)
  A yaktaur captain (D)
  A deep elf high priest (D)
  A great orb of eyes (D)
  A hell beast (D)
  Harold (D)
  A vault guard (D)
  3 naga warriors (D)
  2 ice dragons (D)
  A two-headed ogre (D)
  3 death knights (D)
  2 catoblepae (D)
  A merfolk aquamancer (D)
  4 alligators (D)
  7 vampire magi (D)
  2 sun demons (D)
  A spriggan berserker (D)
  4 hell knights (D)
  A fire crab (D)
  2 deep elf knights (D)
  A shadow wraith (D)
  17 skeletal warriors (D)
  2 sixfirhies (D)
  An iron troll (D)
  A deep troll (D)
  A swamp dragon (D)
  2 wizards (D)
  An unseen horror (D)
  7 flayed ghosts (D)
  12 orc knights (D)
  A phantasmal warrior (D)
  5 harpies (D)
  3 necromancers (D)
  2 deep elf magi (D)
  An orc sorcerer (D)
  An ugly thing (D)
  A black mamba (D)
  2 moths of wrath (D)
  A merfolk siren (D)
  2 elephants (D)
  Maurice (D)
  2 smoke demons (D)
  A rust devil (D)
  An eye of devastation (D)
  A hellion (D)
  A tormentor (D)
  2 efreet (D)
  A freezing wraith (D)
  A yaktaur (D)
  2 hellwings (D)
  3 red devils (D)
  A guardian mummy (D)
  A tyrant leech (D)
  3 merfolk (D)
  A wind drake (D)
  A polar bear (D)
  A hornet (D)
  7 blink frogs (D)
  3 tarantellas (D)
  A shadow (D)
  4 water elementals (D)
  A tarantella (shapeshifter) (D)
  A redback (D)
  2 vampires (D)
  A spriggan (D)
  A fire bat (D)
  Grum (D)
  A basilisk (D)
  A neqoxec (D)
  A chaos spawn (D)
  A fire elemental (D)
  4 wargs (D)
  2 acid dragons (D)
  A water moccasin (D)
  5 orc warriors (D)
  3 phantoms (D)
  A swamp drake (D)
  A black bear (D)
  4 eyes of draining (D)
  7 wolves (D)
  2 ogres (D)
  2 centaurs (D)
  A big kobold (D)
  A small abomination (D)
  Blork the orc (D)
  3 scorpions (D)
  14 killer bees (D)
  A quasit (D)
  Crazy Yiuf (D)
  An orc priest (D)
  An iron imp (D)
  An iguana (D)
  A hell rat (D)
  A mummy (D)
  3 gnolls (D)
  An ufetubus (D)
  An ooze (D)
  4 adder zombies (D)
  5 adder skeletons (D)
  A leopard gecko (D)
  5 orcs (D)
  A ball python (D)
  8 bat skeletons (D)
  2 bat zombies (D)
  A giant cockroach (D)
  A goblin (D)
  4 jackals (D)
  A bat (D)
  2 bat simulacra (D)
  A frilled lizard (D)
  A giant cockroach simulacrum (D)
  A jackal skeleton (D)
  A kobold (D)
  4 leopard gecko skeletons (D)
  2 quokka skeletons (D)
  A quokka zombie (D)
  2 rats (D)
330 creatures vanquished.

Vanquished Creatures (collateral kills)
  A bone dragon (D)
  Jory (D)
  A Hell Sentinel (D)
  A frost giant (D)
  3 elephants (D)
  A vampire (D)
  An orc priest (D)
  An adder zombie (D)
  An adder skeleton (D)
  An adder simulacrum (D)
  A bat skeleton (D)
  A quokka simulacrum (D)
14 creatures vanquished.

Vanquished Creatures (others)
  A soul eater (D)
  An elephant (D)
  26 fire vortices (D)
28 creatures vanquished.

Grand Total: 372 creatures vanquished

Notes
Turn   | Place    | Note
-------+----------+-------------------------------------------
     0 | D        | rocky1 the Gargoyle Earth Elementalist began the quest for
                  | the Orb.
     0 | D        | Reached XP level 1. HP: 10/10 MP: 3/3
    22 | D        | Found a bloodstained altar of Trog.
    22 | D        | Found a shimmering blue altar of Sif Muna.
    22 | D        | Found a viscous altar of Jiyva.
    22 | D        | Found a hazy altar of Hepliaklqana.
    22 | D        | Found an opulent altar of Gozag.
    23 | D        | Found a glowing golden altar of the Shining One.
    23 | D        | Found a glowing silver altar of Zin.
    23 | D        | Found a basalt altar of Yredelemnul.
    23 | D        | Found a shimmering altar of Xom.
    23 | D        | Found an ornate altar of the Wu Jian Council.
    23 | D        | Found a sacrificial altar of Ru.
    23 | D        | Found a stormy altar of Qazlal.
    23 | D        | Found an iron altar of Okawaru.
    23 | D        | Found a sparkling altar of Nemelex Xobeh.
    23 | D        | Found a burning altar of Makhleb.
    23 | D        | Found a blossoming altar of Fedhas.
    23 | D        | Found a white marble altar of Elyvilon.
    23 | D        | Found a shadowy altar of Dithmenos.
    23 | D        | Found a snail-covered altar of Cheibriados.
    26 | D        | Found a corrupted altar of Lugonu.
    26 | D        | Found a radiant altar of Vehumet.
    26 | D        | Found a roughly hewn altar of Beogh.
    27 | D        | Found an ancient bone altar of Kikubaaqudgha.
    27 | D        | Found a hide-covered altar of Uskayaw.
    27 | D        | Found a broken altar of Ashenzari.
    28 | D        | Became a worshipper of Sif Muna the Loreminder
    70 | D        | Reached skill level 5 in Earth Magic
    77 | D        | Reached * piety under Sif Muna
    78 | D        | Reached XP level 2. HP: 14/15 MP: 1/5
    81 | D        | Reached XP level 3. HP: 17/19 MP: 0/6
   136 | D        | Reached ** piety under Sif Muna
   232 | D        | Learned a level 3 spell: Stone Arrow
   238 | D        | Noticed a fire bat
   239 | D        | Noticed a phantom
   239 | D        | Noticed a scorpion
   243 | D        | Killed a fire bat
   243 | D        | Reached *** piety under Sif Muna
   244 | D        | Reached XP level 4. HP: 11/24 MP: 4/7
   244 | D        | Reached XP level 5. HP: 13/28 MP: 4/8
   256 | D        | Reached XP level 6. HP: 32/32 MP: 5/9
   259 | D        | Noticed Crazy Yiuf
   260 | D        | Killed a phantom
   261 | D        | Reached skill level 15 in Earth Magic
   270 | D        | Reached **** piety under Sif Muna
   278 | D        | Killed Crazy Yiuf
   279 | D        | Reached skill level 1 in Fighting
   279 | D        | Reached skill level 1 in Invocations
   279 | D        | Reached ***** piety under Sif Muna
   378 | D        | Learned a level 5 spell: Lee's Rapid Deconstruction
   379 | D        | Noticed a water moccasin
   380 | D        | Killed a water moccasin
   380 | D        | Identified Sif Muna's Grimoire of Free Expression (Sif Muna
                  | gifted it to you in the Dungeon)
   380 | D        | Received a gift from Sif Muna
   381 | D        | Reached XP level 7. HP: 40/40 MP: 4/11
   440 | D        | Noticed a tarantella
   442 | D        | Killed a tarantella
   576 | D        | Noticed a fire crab
   583 | D        | Killed a fire crab
   584 | D        | Reached skill level 5 in Dodging
   584 | D        | Reached XP level 8. HP: 20/52 MP: 8/17
   874 | D        | Noticed a hornet
   875 | D        | Noticed Grum
   878 | D        | Reached skill level 1 in Conjurations
   878 | D        | Killed Grum
   878 | D        | Identified Dispater's Grimoire of Supportive Clay (Sif Muna
                  | gifted it to you in the Dungeon)
   878 | D        | Received a gift from Sif Muna
   879 | D        | Reached skill level 2 in Conjurations
   879 | D        | Reached XP level 9. HP: 56/56 MP: 5/18
   881 | D        | Killed a hornet
   882 | D        | Reached skill level 3 in Conjurations
   978 | D        | Learned a level 5 spell: Bolt of Magma
   984 | D        | Noticed Blork the orc
   986 | D        | Reached skill level 1 in Fire Magic
   986 | D        | Killed Blork the orc
  1051 | D        | Received a gift from Sif Muna
  1052 | D        | Reached skill level 4 in Conjurations
  1196 | D        | Reached skill level 5 in Conjurations
  1201 | D        | Noticed a red devil
  1203 | D        | Killed a red devil
  1204 | D        | Reached XP level 10. HP: 61/61 MP: 11/21
  1208 | D        | Identified Sif Muna's Catalogue of Bewitching Clay (Sif
                  | Muna gifted it to you in the Dungeon)
  1208 | D        | Received a gift from Sif Muna
  1209 | D        | Reached skill level 5 in Maces & Flails
  1215 | D        | Reached skill level 6 in Conjurations
  1350 | D        | Noticed a two-headed ogre
  1350 | D        | Noticed a skeletal warrior
  1352 | D        | Noticed a skeletal warrior
  1353 | D        | Killed a two-headed ogre
  1353 | D        | Noticed a black mamba
  1353 | D        | Noticed a swamp dragon
  1354 | D        | Reached skill level 5 in Fire Magic
  1354 | D        | Killed a skeletal warrior
  1355 | D        | Reached skill level 7 in Conjurations
  1355 | D        | Noticed a skeletal warrior
  1356 | D        | Killed a skeletal warrior
  1356 | D        | Received a gift from Sif Muna
  1356 | D        | Noticed a skeletal warrior
  1356 | D        | Noticed a skeletal warrior
  1357 | D        | Reached skill level 10 in Invocations
  1362 | D        | Killed a black mamba
  1362 | D        | Noticed an elephant
  1364 | D        | Killed a swamp dragon
  1365 | D        | Reached XP level 11. HP: 56/66 MP: 16/24
  1366 | D        | Killed a skeletal warrior
  1367 | D        | Reached skill level 8 in Conjurations
  1371 | D        | Killed a skeletal warrior
  1371 | D        | Killed a skeletal warrior
  1372 | D        | Reached skill level 5 in Armour
  1372 | D        | Reached skill level 5 in Shields
  1373 | D        | Identified Jemeceh's Guide on Conjuration (Sif Muna gifted
                  | it to you in the Dungeon)
  1373 | D        | Received a gift from Sif Muna
  1373 | D        | Reached ****** piety under Sif Muna
  1571 | D        | Killed a shadow wraith
  1572 | D        | Reached skill level 9 in Conjurations
  1679 | D        | Noticed Harold
  1679 | D        | Noticed Maurice
  1686 | D        | Killed Maurice
  1687 | D        | Killed Harold
  1687 | D        | Identified Sif Muna's Handbook of the Mutagenic Birds (Sif
                  | Muna gifted it to you in the Dungeon)
  1687 | D        | Received a gift from Sif Muna
  1688 | D        | Reached skill level 10 in Spellcasting
  2108 | D        | Noticed a phantasmal warrior
  2112 | D        | Identified Sif Muna's Easy Wizardry (Sif Muna gifted it to
                  | you in the Dungeon)
  2112 | D        | Received a gift from Sif Muna
  2113 | D        | Killed a phantasmal warrior
  2114 | D        | Noticed a deep troll
  2115 | D        | Killed a deep troll
  2116 | D        | Reached XP level 12. HP: 71/71 MP: 1/26
  2388 | D        | Identified Pour's Guide on the Oath and Conjuration (Sif
                  | Muna gifted it to you in the Dungeon)
  2388 | D        | Received a gift from Sif Muna
  2580 | D        | Reached skill level 10 in Conjurations
  2614 | D        | Identified Sif Muna's Grimoire of the Birds and Cold (Sif
                  | Muna gifted it to you in the Dungeon)
  2614 | D        | Received a gift from Sif Muna
  2840 | D        | Learned a level 3 spell: Frozen Ramparts
  2843 | D        | Learned a level 2 spell: Blink
  2850 | D        | Learned a level 5 spell: Fireball
  2857 | D        | Learned a level 6 spell: Iron Shot
  2978 | D        | Reached skill level 10 in Dodging
  3034 | D        | Noticed a catoblepas
  3038 | D        | Reached skill level 10 in Maces & Flails
  3040 | D        | Killed a catoblepas
  3041 | D        | Reached skill level 1 in Ice Magic
  3239 | D        | Noticed a hell knight
  3239 | D        | Noticed a hell knight
  3239 | D        | Noticed a hell knight
  3240 | D        | Received a gift from Sif Muna
  3243 | D        | Killed a hell knight
  3244 | D        | Reached skill level 11 in Conjurations
  3248 | D        | Killed a hell knight
  3248 | D        | Identified Sif Muna's Incunabulum of Feathers and Stones
                  | (Sif Muna gifted it to you in the Dungeon)
  3248 | D        | Received a gift from Sif Muna
  3251 | D        | Reached skill level 10 in Fire Magic
  3251 | D        | Noticed a green death
  3251 | D        | Killed a hell knight
  3253 | D        | Reached XP level 13. HP: 50/76 MP: 13/28
  3255 | D        | Identified the +5 whip "Poemoehi" {freeze, rF+ Str+4 SInv}
  3255 | D        | Noticed an orc warlord
  3257 | D        | Identified Sif Muna's Reference Book on Darkness (Sif Muna
                  | gifted it to you in the Dungeon)
  3257 | D        | Received a gift from Sif Muna
  3258 | D        | Reached skill level 10 in Armour
  3258 | D        | Killed a green death
  3258 | D        | Killed an orc warlord
  3259 | D        | Reached skill level 10 in Shields
  3259 | D        | Reached skill level 5 in Ice Magic
  3262 | D        | Identified Sif Muna's Tome of the Ashen Snowflakes (Sif
                  | Muna gifted it to you in the Dungeon)
  3262 | D        | Received a gift from Sif Muna
  3263 | D        | Reached skill level 12 in Conjurations
  3276 | D        | Identified Sif Muna's Guide on Fetching Companions (Sif
                  | Muna gifted it to you in the Dungeon)
  3276 | D        | Received a gift from Sif Muna
  3505 | D        | Noticed a titan
  3505 | D        | Noticed a mummy priest
  3505 | D        | Noticed a deep elf blademaster
  3508 | D        | Killed a titan
  3509 | D        | Killed a deep elf blademaster
  3513 | D        | Killed a mummy priest
  3554 | D        | Got the ring of Divine Compulsion {rC+++ rN+ EV+4 SInv
                  | Stlth-}
  3725 | D        | Got the +0 helmet of the Stallion {Will+ Str+4 Slay-5}
  3784 | D        | Noticed a minotaur
  3790 | D        | Identified Sif Muna's Volume of Excruciating Shape Shifting
                  | (Sif Muna gifted it to you in the Dungeon)
  3790 | D        | Received a gift from Sif Muna
  3791 | D        | Reached skill level 1 in Evocations
  3792 | D        | Killed a minotaur
  3809 | D        | Noticed an orc warlord
  3817 | D        | Killed an orc warlord
  3817 | D        | Identified Sif Muna's Guide on the Viperous Mountains (Sif
                  | Muna gifted it to you in the Dungeon)
  3817 | D        | Received a gift from Sif Muna
  3824 | D        | Reached skill level 5 in Evocations
  3828 | D        | Noticed a nagaraja
  3830 | D        | Killed a nagaraja
  3831 | D        | Gained mutation: Your large and strong wings let you fly
                  | indefinitely. [Gargoyle growth]
  3831 | D        | Reached XP level 14. HP: 32/80 MP: 7/30
  3833 | D        | Identified Sif Muna's Guide on Dislocation (Sif Muna gifted
                  | it to you in the Dungeon)
  3833 | D        | Received a gift from Sif Muna
  4052 | D        | Noticed an orc warlord
  4064 | D        | Killed an orc warlord
  4228 | D        | Noticed a deep elf master archer
  4236 | D        | Killed a deep elf master archer
  4236 | D        | Identified Sif Muna's Compendium of Dislocated Attacks (Sif
                  | Muna gifted it to you in the Dungeon)
  4236 | D        | Received a gift from Sif Muna
  4619 | D        | Found the +7 great mace "Undeadhunter" {disrupt, rN+}
  4626 | D        | Got the +3 demon blade "Reoxoeh" {elec, SInv}
  4748 | D        | Noticed a nagaraja
  4749 | D        | Identified Sif Muna's Grimoire of the Frigorific Escort
                  | (Sif Muna gifted it to you in the Dungeon)
  4749 | D        | Received a gift from Sif Muna
  4750 | D        | Reached skill level 13 in Conjurations
  4761 | D        | Noticed a balrug
  4763 | D        | Killed a nagaraja
  4764 | D        | Identified Sif Muna's Compendium of Battle Magic (Sif Muna
                  | gifted it to you in the Dungeon)
  4764 | D        | Received a gift from Sif Muna
  4772 | D        | Killed a balrug
  4773 | D        | Received a gift from Sif Muna
  4776 | D        | Reached skill level 15 in Maces & Flails
  4776 | D        | Reached skill level 15 in Shields
  4993 | D        | Noticed a white draconian
  4998 | D        | Killed a white draconian
  4999 | D        | Reached skill level 14 in Conjurations
  5009 | D        | Identified Sif Muna's Volume of the Flying Blaze (Sif Muna
                  | gifted it to you in the Dungeon)
  5009 | D        | Received a gift from Sif Muna
  5166 | D        | Noticed an orc warlord
  5167 | D        | Noticed a dire elephant
  5169 | D        | Reached skill level 10 in Evocations
  5184 | D        | Noticed a sphinx
  5186 | D        | Killed an orc warlord
  5187 | D        | Reached XP level 15. HP: 75/86 MP: 25/32
  5193 | D        | Paralysed by a sphinx for 3 turns
  5193 | D        | Noticed a bone dragon
  5196 | D        | Identified Sif Muna's Collected Works on Ashen Companions
                  | (Sif Muna gifted it to you in the Dungeon)
  5196 | D        | Received a gift from Sif Muna
  5196 | D        | Killed a sphinx
  5204 | D        | Killed a bone dragon
  5411 | D        | Noticed a cacodemon
  5415 | D        | Killed a cacodemon
  5415 | D        | Received a gift from Sif Muna
  5528 | D        | Noticed a red draconian monk
  5544 | D        | Killed a red draconian monk
  5604 | D        | Reached skill level 15 in Conjurations
  5912 | D        | Noticed an ancient lich
  5920 | D        | Noticed an Ice Fiend
  5923 | D        | Received a gift from Sif Muna
  5925 | D        | Killed an ancient lich
  5926 | D        | Reached skill level 10 in Fighting
  6026 | D        | Noticed a balrug
  6030 | D        | Killed a balrug
  6031 | D        | Reached skill level 16 in Conjurations
  6131 | D        | Received a gift from Sif Muna
  6291 | D        | Reached skill level 15 in Spellcasting
  6372 | D        | Noticed a Hell Sentinel
  6385 | D        | Killed a Hell Sentinel
  6570 | D        | Learned a level 3 spell: Ozocubu's Armour
  6572 | D        | Noticed an azure jelly
  6576 | D        | Killed an azure jelly
  6576 | D        | Noticed a deep elf sorcerer
  6580 | D        | Noticed a daeva
  6581 | D        | Killed a deep elf sorcerer
  6584 | D        | Reached skill level 17 in Conjurations
  6584 | D        | Received a gift from Sif Muna
  6584 | D        | Killed a daeva
  6585 | D        | Reached XP level 16. HP: 92/103 MP: 10/35
  6637 | D        | Learned a level 9 spell: Fire Storm
  6723 | D        | Got the +0 pair of gloves "Dargh" {rPois Will+ Regen+
                  | Stlth+}
  6766 | D        | Learned a level 8 spell: Lehudib's Crystal Spear
  6813 | D        | Noticed a lich
  6813 | D        | Noticed a bone dragon
  6814 | D        | Noticed a lich
  6814 | D        | Identified the +7 hand axe of Poxiw {protect, Dex+4}
  6814 | D        | Identified Sif Muna's Volume of the Entrancing Escort (Sif
                  | Muna gifted it to you in the Dungeon)
  6814 | D        | Received a gift from Sif Muna
  6814 | D        | Identified Sif Muna's Advanced Steps in Witchcraft (Sif
                  | Muna gifted it to you in the Dungeon)
  6814 | D        | Received a gift from Sif Muna
  6815 | D        | Reached skill level 15 in Fire Magic
  6815 | D        | Noticed a bone dragon
  6815 | D        | Killed a lich
  6815 | D        | Identified Ichulluq's Collected Works on Shifting Calling
                  | (Sif Muna gifted it to you in the Dungeon)
  6815 | D        | Received a gift from Sif Muna
  6816 | D        | Reached skill level 18 in Conjurations
  6816 | D        | Identified Sif Muna's Reference Book on Transformation and
                  | Summoning (Sif Muna gifted it to you in the Dungeon)
  6816 | D        | Received a gift from Sif Muna
  6816 | D        | Killed a lich
  6818 | D        | Identified Sif Muna's Advanced Steps in Hermeneutics (Sif
                  | Muna gifted it to you in the Dungeon)
  6818 | D        | Received a gift from Sif Muna
  6830 | D        | Killed a bone dragon
  6831 | D        | Reached skill level 15 in Fighting
  6836 | D        | Killed a bone dragon
  6836 | D        | Identified Sif Muna's Papyrus of Arcane Weapons and the
                  | Oath (Sif Muna gifted it to you in the Dungeon)
  6836 | D        | Received a gift from Sif Muna
  6837 | D        | Reached skill level 19 in Conjurations
  7057 | D        | Got the ring of Visycvoc {rF+ Stlth+}
  7065 | D        | Got a silver rune of Zot
  7275 | D        | Identified Sif Muna's Volume of Fiery Evil Arts (Sif Muna
                  | gifted it to you in the Dungeon)
  7275 | D        | Received a gift from Sif Muna
  7275 | D        | Noticed an Executioner
  7279 | D        | Killed an Executioner
  7280 | D        | Noticed a Hell Sentinel
  7281 | D        | Noticed a bone dragon
  7281 | D        | Noticed a deep elf blademaster
  7286 | D        | Reached skill level 20 in Conjurations
  7286 | D        | Received a gift from Sif Muna
  7289 | D        | Noticed Jory
  7294 | D        | Noticed a titan
  7299 | D        | Killed a deep elf blademaster
  7300 | D        | Reached skill level 21 in Conjurations
  7300 | D        | Reached XP level 17. HP: 82/113 MP: 11/38
  7310 | D        | Killed a Hell Sentinel
  7320 | D        | Killed a bone dragon
  7322 | D        | Identified Sif Muna's Compendium of Supportive Evil (Sif
                  | Muna gifted it to you in the Dungeon)
  7322 | D        | Received a gift from Sif Muna
  7322 | D        | Killed a titan
  7327 | D        | Killed Jory
  7328 | D        | Reached skill level 22 in Conjurations
  7436 | D        | Noticed a hellephant
  7439 | D        | Identified Vabiciar's Papyrus of Dark Secrets and
                  | Transformation (Sif Muna gifted it to you in the Dungeon)
  7439 | D        | Received a gift from Sif Muna
  7440 | D        | Reached skill level 1 in Long Blades
  7462 | D        | Killed a hellephant
  7609 | D        | Noticed a titan
  7616 | D        | Killed a titan
  7864 | D        | Noticed a deep elf master archer
  7866 | D        | Killed a deep elf master archer
  7867 | D        | Reached skill level 5 in Long Blades
  7867 | D        | Reached skill level 23 in Conjurations
  7869 | D        | Identified Sif Muna's Volume of the Compass and Evil (Sif
                  | Muna gifted it to you in the Dungeon)
  7869 | D        | Received a gift from Sif Muna
  7870 | D        | Noticed a tentacled monstrosity
  7873 | D        | Killed a tentacled monstrosity
  7897 | D        | Noticed a lich
  7906 | D        | Killed from afar by a lich

Illustrated notes

Levels and vault maps discovered:
D:        pitsprint [storerooms_1, entrance_room_1, metal_vault_8, armoury_1,
          mini_pit_1, grid_room_1, main_hall_1, silver_pit, the_coven_3,
          the_vestibule_1, steel_vault_5, golden_pit, hallway_of_sentries,
          crystal_vault_3, iron_vault_1, final_vault]

Skill      XL: |  1  2  3  4  5  6  7  8  9 10 11 12 13 14 15 16 17 |
---------------+----------------------------------------------------+-----
Earth Magic    | 6 7 13 15 16 17 19 21 22 | 22.7
Fighting       | 2 6 7 12 15 | 15.6
Dodging        | 2 5 7 8 9 10 11 | 11.0
Invocations    | 2 6 7 8 10 11 | 11.8
Spellcasting   | 3 6 7 9 10 11 12 13 15 17 18 | 18.8
Conjurations   | 2 5 7 9 11 12 14 17 21 23 | 23.7
Maces & Flails | 2 4 7 9 10 13 15 16 | 16.0
Fire Magic     | 3 6 8 10 11 14 18 21 | 21.5
Armour         | 4 7 9 10 | 10.5
Shields        | 4 7 9 12 15 | 15.3
Ice Magic      | 3 5 |  5.4
Evocations     | 5 10 11 | 11.0
Long Blades    | 8 |  8.5
Stealth        | |  2.1
Transmutations | |  0.7

Action                   |  1- 3 |  4- 6 |  7- 9 | 10-12 | 13-15 | 16-18 || total
-------------------------+-------+-------+-------+-------+-------+-------++-------
Melee: Mace              |    11 |    28 |     5 |       |       |       ||    44
       Morningstar       |       |       |     5 |    44 |    64 |    45 ||   158
       Demon whip        |       |       |       |       |       |     6 ||     6
 Cast: Sandblast         |     8 |     5 |     2 |       |       |       ||    15
       Lee's Rapid Decon |       |     1 |    16 |    74 |   166 |    39 ||   296
       Frozen Ramparts   |       |       |       |       |     3 |     2 ||     5
       Fire Storm        |       |       |       |       |     5 |     8 ||    13
       Iron Shot         |       |       |       |       |    11 |     6 ||    17
       Lehudib's Crystal |       |       |       |       |     1 |    12 ||    13
       Ozocubu's Armour  |       |       |       |       |       |     2 ||     2
       Dragon's Call     |       |       |       |       |       |     1 ||     1
Invok: Channel Magic     |       |       |       |     6 |    21 |    10 ||    37
       Divine Exegesis   |       |       |       |       |     6 |     9 ||    15
  Use: Potion            |       |     2 |     1 |     3 |     8 |     2 ||    16
       Scroll            |       |       |     1 |     1 |     1 |    19 ||    22
 Stab: Petrified         |       |       |       |       |     1 |       ||     1
       Distracted        |       |       |       |       |       |     3 ||     3
Armor: Robe              |     3 |       |       |       |    47 |    33 ||    83
       Ring mail         |     4 |    29 |     4 |    60 |    11 |       ||   108
Dodge: Dodged            |    15 |    32 |     7 |    61 |    65 |    43 ||   223
Block: Buckler           |       |       |       |    11 |     9 |       ||    20
       Kite shield       |       |       |       |       |    34 |    56 ||    90

Table legend: (Time is in decaauts)
 A = Elapsed time spent in this place.
 B = Non-inter-level travel time spent in this place.
 C = Inter-level travel time spent in this place.
 D = Time resting spent in this place.
 E = Time spent auto-exploring this place.
 F = Levels seen in this place.
 G = Mean time per level.
                   A        B        C        D        E       F      G
               +--------+--------+--------+--------+--------+-----+--------+
         Total |   7976 |   7947 |     29 |   5073 |      0 |   1 | 7976.0 |
       Dungeon |   7976 |   7947 |     29 |   5073 |      0 |   1 | 7976.0 |
               +--------+--------+--------+--------+--------+-----+--------+

Top non-repeatable levels by time:
       D: 7976 daAuts
